 Dungeon Crawl Stone Soup version 0.27-a0-489-g24c7b1a3ef (webtiles) character file.

Game seed: 8150698694559179074

0 jasper the Sneak (level 1, -1/9 HPs)
             Began as a Spriggan Enchanter on Mar 1, 2021.
             Slain by a leopard gecko (4 damage)
             ... on level 1 of the Dungeon.
             The game lasted 00:00:11 (34 turns).

jasper the Sneak (Spriggan Enchanter)                 Turns: 34, Time: 00:00:12

Health: -1/9       AC:  2    Str:  4    XL:     1   Next: 8%
Magic:  4/5        EV: 17    Int: 16    God:
Gold:   0          SH:  0    Dex: 15    Spells: 4/5 levels left

rFire    . . .     SeeInvis +   a - +1 dagger
rCold    . . .     Faith    .   (shield restricted)
rNeg     . . .     Spirit   .   b - +0 robe
rPois    .         Reflect  .   (helmet restricted)
rElec    .         Harm     .   (no cloak)
rCorr    .         Rampage  .   (gloves unavailable)
Will     .....                  (boots unavailable)
Stlth    +++.......             (no amulet)
HPRegen  0.03/turn              (no ring)
MPRegen  0.09/turn              (no ring)

@: very quick
A: very small, unfitting armour, see invisible, speed 3
a: no special abilities


You were on level 1 of the Dungeon.
You visited 1 branch of the dungeon, and saw 1 of its levels.

Inventory:

Hand Weapons
 a - a +1 dagger (weapon)
Armour
 b - a +0 robe (worn)
Scrolls
 d - a scroll of blinking {unknown}
Potions
 c - a potion of cancellation {unknown}


   Skills:
 - Level 1.1 Short Blades
 - Level 2.6 Dodging
 + Level 4.4 Stealth
 + Level 2.7 Spellcasting
 + Level 3.6 Hexes


You had 4 spell levels left.
You knew the following spells:

 Your Spells              Type           Power        Failure   Level
a - Corona                Hex            14%          4%          1

Your spell library contained the following spells:

 Spells                   Type           Power        Failure   Level
 Confusing Touch          Hex            13%          13%         3
 Tukima's Dance           Hex            13%          13%         3
 Ensorcelled Hibernation  Hex/Ice        16%          14%         2
 Dazzling Flash           Conj/Hex       16%          26%         3


Dungeon Overview and Level Annotations

Branches:
Dungeon (1/15)

Altars:


Innate Abilities, Weirdness & Mutations

You are very small and have problems with some larger weapons.
You are too small for most types of armour.
You have supernaturally acute eyesight. (SInv)
You cover ground extremely quickly.


Message History

It is said that the Orb of Zot exists deep within this dungeon.
Press ? for a list of commands and other information.
Found a bubbling black potion and a scroll labelled YKKUFY IXKOA.
Found a staircase leading out of the dungeon.
Found an escape hatch in the floor.
c - a bubbling black potion
Found an escape hatch in the floor.
d - a scroll labelled YKKUFY IXKOA A kobold comes into view.
It is wielding a +0 dagger.
A leopard gecko comes into view.
The helpless kobold fails to defend itself.
You impale the kobold!!
You kill the kobold!
The leopard gecko hisses angrily.
You see here a +0 dagger.
Aiming: Corona (safe; 4% risk of failure)
Press: ? - help, Q - select action Shift-Dir - straight line, f - leopard gecko
Aim: a leopard gecko (chance to affect: 67%)
The leopard gecko is outlined in light.
You now have 4/5 mp.
You hit the leopard gecko.
The leopard gecko is severely wounded.
The leopard gecko barely misses you. The leopard gecko misses you.
You hit the leopard gecko but do no damage.
The leopard gecko is severely wounded.
The leopard gecko bites you.
You take 4 damage, and have 5/9 hp.
MASSIVE DAMAGE!!
You are too injured to fight recklessly!
You are too injured to fight recklessly!
You closely miss the leopard gecko.
The leopard gecko is severely wounded.
The leopard gecko misses you.
You completely miss the leopard gecko.
The leopard gecko is severely wounded.
The leopard gecko bites you.
You take 2 damage, and have 3/9 hp.
MASSIVE DAMAGE!!
You barely miss the leopard gecko.
The leopard gecko is severely wounded.
The leopard gecko bites you.
You die...

######### #...[.!.#
#.......# ######
#.......###
#.....###.........#
#...........)...#
#.........###@l.#
#.........# #...#
#.........# #.....#
####...####
#........ #...#
#........
####...####
#........
#.........#
#........
#.>.......#
#......##
#.........#


You could see a leopard gecko (corona).

Vanquished Creatures
  A kobold (D:1)
1 creature vanquished.

Notes
Turn   | Place    | Note
-------+----------+-------------------------------------------
     0 | D:1      | jasper the Spriggan Enchanter began the quest for the Orb.
     0 | D:1      | Reached XP level 1. HP: 9/9 MP: 5/5
    34 | D:1      | Slain by a leopard gecko

Illustrated notes

Levels and vault maps discovered:
D:1:      minmay_arrival_hallway, layout_rooms, roderic_serpentine_path,
          minmay_pentomino_q2

Action                   || total
-------------------------++-------
Melee: Dagger            ||     6
 Cast: Corona            ||     1
 Stab: Sleeping          ||     1
Dodge: Dodged            ||     3

Table legend: (Time is in decaauts)
 A = Elapsed time spent in this place.
 B = Non-inter-level travel time spent in this place.
 C = Inter-level travel time spent in this place.
 D = Time resting spent in this place.
 E = Time spent auto-exploring this place.
 F = Levels seen in this place.
 G = Mean time per level.
                   A        B        C        D        E       F      G
               +--------+--------+--------+--------+--------+-----+--------+
         Total |     23 |     23 |      0 |      0 |     12 |   1 |   23.0 |
       Dungeon |     23 |     23 |      0 |      0 |     12 |   1 |   23.0 |
               +--------+--------+--------+--------+--------+-----+--------+

Top non-repeatable levels by time:
     D:1: 23 daAuts
